Map: Mech Depot LE

Players

MightyKiwi - Winner!

  • Race: Zerg Zerg
  • Spawn Location: 7:00

PandaBearMe

  • Race: Zerg Zerg
  • Spawn Location: 1:00

Event: WCS Montreal 2017

VOD

Have the link to the VOD?

Description

Time

  • Played on: Sept. 8, 2017, 12:43 p.m.
  • Length: 16:01

All games in this series

Show
View Real Time Build Order
Export as new Build Order

MightyKiwi Zerg - Winner!

Build Orders: Hatch First, Zergling Baneling 

Get SALT Encoding   

  12  0:00  Drone  
  13  0:12  Overlord  
  13  0:18  Drone  
  14  0:31  Drone x2  
  16  0:37  Drone  
  17  0:53  Hatchery  
  17  0:55  Drone  
  17  0:58  Extractor  
  16  1:12  Spawning Pool  
  16  1:15  Drone  
  16  1:18  Drone  
  17  1:24  Drone  
  18  1:34  Drone  
  19  1:40  Overlord  
  19  1:58  Zergling x2  
  19  1:59  Metabolic Boost  
  19  2:00  Queen  
  22  2:04  Drone  
  22  2:05  Zergling x2  
  24  2:11  Queen  
  24  2:14  Drone  
  27  2:18  Drone  
  28  2:25  Baneling Nest  
  28  2:27  Drone  
  28  2:30  Drone  
  28  2:34  Zergling x2  
  30  2:40  Drone  
  30  2:43  Overlord  
  31  2:49  Drone  
  32  2:54  Zergling x2  
  32  3:04  Drone  
  33  3:08  Zergling x6  
  36  3:16  Hatchery  
  36  3:17  Overlord  
  35  3:20  Zergling x2  
  35  3:21  Zergling x2  
  37  3:28  Baneling x3  
  37  3:31  Overlord  
  37  3:34  Zergling x4  
  37  3:37  Baneling  
  37  3:39  Drone x2  
  40  3:43  Drone  
  40  4:01  Zergling x2  
  40  4:02  Zergling x12  
  45  4:12  Zergling x4  
  45  4:14  Baneling  
  45  4:15  Baneling x3  
  46  4:18  Drone  
  46  4:20  Drone x4  
  51  4:25  Roach Warren  
  51  4:30  Drone  
  50  4:33  Queen  
  45  4:53  Zergling x22  
  45  4:58  Extractor  
  45  4:59  Baneling  
  55  5:06  Drone x4  
  54  5:16  Baneling x2  
  54  5:22  Lair  
  54  5:23  Drone x5  
  54  5:24  Queen  
  61  5:32  Overlord  
  61  5:37  Extractor  
  61  5:38  Evolution Chamber  
  61  5:39  Drone  
  61  5:40  Drone x5  
  65  5:53  Drone  
  65  5:54  Drone x2  
  67  6:00  Overlord  
  67  6:01  Overlord  
  67  6:03  Drone  
  67  6:04  Drone x6  
  74  6:11  Extractor, Drone  
  73  6:13  Zerg Missile Weapons Level 1  
  73  6:15  Overlord x2  
  74  6:21  Drone x2  
  74  6:25  Overseer  
  76  6:29  Unknown, Baneling x4  
  76  6:33  Glial Reconstitution  
  76  6:36  Roach x5  
  86  6:43  Drone x8  
  94  6:47  Extractor x2  
  92  7:03  Spire, Drone  
  92  7:07  Overlord  
  92  7:08  Overlord  
  92  7:09  Roach x3  
  98  7:17  Overlord x2  
  98  7:21  Overlord x2  
  98  7:34  Roach x8  
  112  7:48  Overlord x2  
  112  7:49  Overseer  
  112  7:50  Overseer  
  111  7:53  Roach x10  
  124  8:13  Overlord  
  124  8:15  Mutalisk x5  
  124  8:17  Mutalisk, Hatchery  
  132  8:24  Roach  
  132  8:25  Roach x4  
  142  8:28  Overlord x2  
  142  8:37  Mutalisk  
  142  8:38  Mutalisk  
  146  8:47  Drone  
  146  8:48  Drone x2  
  149  8:49  Hydralisk Den  
  149  8:51  Roach  
  149  8:52  Roach x4  
  150  9:04  Overseer  
  150  9:05  Overseer  
  148  9:10  Overseer  
  148  9:12  Roach x3  
  148  9:13  Roach x4  
  136  9:26  Roach  
  136  9:27  Roach x7  
  152  9:31  Overseer  
  152  9:38  Overseer  
  150  9:47  Drone x8  
  150  9:50  Zerg Missile Weapons Level 2  
  158  9:55  Drone x2  
  160  10:06  Roach x4  
  168  10:13  Overlord  
  168  10:14  Queen  
  168  10:15  Overlord  
  168  10:16  Drone  
  147  10:45  Roach x2  
  147  10:46  Roach x10  
  127  11:01  Roach Warren  
  80  11:29  Overlord  
  80  11:38  Overlord  
  80  11:40  Queen  
  80  11:41  Queen  
  80  11:46  Roach x7  
  80  11:47  Roach x7  
  112  11:51  Drone  
  113  12:00  Drone  
  113  12:01  Drone x3  
  115  12:07  Pneumatized Carapace  
  114  12:09  Roach x3  
  118  12:32  Overseer  
  118  12:38  Roach x3  
  118  12:39  Roach x7  
  138  12:49  Roach x3  
  144  12:56  Overseer  
  144  13:03  Spore Crawler  
  142  13:07  Drone x5  
  142  13:08  Drone x2  
  148  13:17  Roach  
  148  13:18  Roach  
  152  13:21  Ravager x4  
  152  13:22  Ravager  
  157  13:29  Drone x2  
  157  13:30  Drone x2  
  161  13:37  Roach x2  
  135  14:02  Overseer  
  131  14:04  Roach x9  
  131  14:09  Drone  
  150  14:10  Drone x4  
  154  14:21  Roach x3  
  154  14:22  Roach x2  
  164  14:29  Roach x3  
  164  14:30  Roach  
  172  14:37  Extractor  
  172  14:38  Extractor  
  170  14:44  Muscular Augments  
  170  14:47  Roach x4  
  170  14:49  Ravager x4  
  182  15:05  Roach x9  
  196  15:16  Roach x3  
Show
View Real Time Build Order
Export as new Build Order

PandaBearMe Zerg 

Build Orders: Hatch First 

Get SALT Encoding   

  12  0:02  Drone  
  13  0:13  Overlord  
  13  0:17  Drone  
  14  0:31  Drone x2  
  16  0:49  Hatchery  
  15  0:51  Drone  
  15  0:55  Drone  
  17  0:59  Drone  
  17  1:02  Extractor  
  17  1:14  Spawning Pool  
  17  1:17  Drone  
  17  1:20  Drone  
  18  1:29  Drone  
  19  1:42  Overlord  
  19  2:01  Queen, Zergling x6  
  22  2:02  Queen  
  22  2:07  Metabolic Boost  
  26  2:15  Drone x2  
  28  2:24  Drone  
  28  2:29  Drone  
  30  2:33  Drone  
  31  2:37  Queen  
  33  2:52  Overlord  
  33  2:53  Zergling x2  
  33  2:54  Zergling x2  
  35  3:03  Overlord  
  34  3:13  Hatchery  
  34  3:15  Drone x2  
  34  3:16  Drone  
  34  3:19  Overlord  
  36  3:20  Drone x3  
  36  3:24  Spore Crawler  
  36  3:26  Zergling x2  
  41  3:27  Zergling x2  
  41  3:30  Zergling x2  
  41  3:31  Zergling x2  
  43  3:41  Baneling Nest  
  41  3:46  Zergling x2  
  42  3:51  Zergling x6  
  42  3:53  Overlord  
  42  4:01  Overlord  
  39  4:03  Drone x2  
  39  4:04  Zergling x4  
  42  4:12  Queen  
  42  4:17  Zergling x4  
  44  4:25  Zergling x2  
  44  4:26  Baneling x4  
  44  4:28  Zergling x8  
  46  4:31  Zergling x2  
  46  4:36  Zergling x2  
  46  4:38  Zergling x2, Baneling  
  46  4:48  Zergling x2  
  46  4:52  Overlord  
  46  4:53  Drone x2  
  46  4:56  Roach Warren  
  46  4:59  Drone x2  
  49  5:00  Lair  
  49  5:02  Extractor  
  48  5:12  Overlord  
  48  5:13  Drone  
  45  5:15  Drone x2  
  45  5:20  Baneling x2  
  45  5:21  Zergling x4, Baneling x2  
  47  5:28  Evolution Chamber  
  48  5:30  Drone x3  
  48  5:31  Drone x2  
  48  5:32  Drone  
  54  5:41  Drone  
  55  5:46  Drone x6  
  55  5:49  Extractor  
  60  5:55  Drone  
  59  5:57  Glial Reconstitution  
  59  5:58  Zerg Missile Weapons Level 1  
  59  5:59  Drone x2  
  59  6:00  Drone x2  
  59  6:01  Drone  
  64  6:09  Drone x2  
  66  6:13  Drone  
  66  6:15  Extractor  
  66  6:16  Extractor, Overseer  
  66  6:18  Drone x2  
  67  6:26  Overlord  
  67  6:27  Roach x5, Drone  
  78  6:42  Overlord, Drone  
  78  6:43  Drone x3  
  78  6:46  Overlord  
  82  6:52  Roach  
  82  6:53  Drone  
  85  7:00  Overlord, Drone x2  
  85  7:01  Roach x2  
  91  7:02  Unknown  
  91  7:07  Roach x3  
  91  7:08  Roach x2  
  101  7:10  Hatchery  
  101  7:12  Roach  
  101  7:13  Roach x2  
  106  7:17  Roach  
  106  7:21  Overlord  
  106  7:22  Roach  
  110  7:24  Tunneling Claws  
  110  7:25  Burrow  
  110  7:26  Roach  
  110  7:27  Roach  
  110  7:28  Roach  
  116  7:31  Roach  
  116  7:32  Roach  
  116  7:33  Roach  
  116  7:36  Roach  
  124  7:38  Overlord  
  113  8:02  Drone  
  113  8:03  Drone x2  
  113  8:04  Roach x6, Overlord  
  126  8:09  Overlord  
  126  8:10  Roach x2  
  126  8:11  Roach x3  
  135  8:13  Overlord  
  135  8:23  Roach x5  
  145  8:30  Roach  
  145  8:34  Overlord  
  147  8:37  Roach  
  149  8:41  Roach x6  
  149  8:43  Overlord  
  149  8:49  Roach x7  
  149  8:53  Hydralisk Den  
  149  8:54  Roach  
  149  8:55  Roach x9  
  168  8:57  Baneling x2  
  168  8:58  Roach x13  
  156  9:05  Roach x6  
  155  9:18  Roach  
  155  9:19  Roach  
  155  9:23  Roach  
  155  9:24  Roach x3  
  151  9:28  Roach x2  
  151  9:29  Roach x2  
  151  9:30  Roach  
  155  9:37  Hydralisk  
  155  9:38  Spore Crawler, Hydralisk x2  
  156  9:48  Hydralisk  
  156  9:50  Spore Crawler, Roach x9  
  156  9:52  Spore Crawler  
  156  9:55  Spore Crawler  
  156  9:58  Spore Crawler, Roach x2  
  140  10:10  Hydralisk x7  
  140  10:14  Muscular Augments  
  150  10:19  Roach x2  
  152  10:22  Roach  
  152  10:23  Roach  
  152  10:24  Roach  
  158  10:28  Roach  
  158  10:30  Roach  
  136  10:45  Roach x3  
  136  10:49  Roach x2  
  119  10:56  Roach  
  102  10:58  Roach  
  102  10:59  Roach x4  
  102  11:01  Roach  
  102  11:03  Roach  
  98  11:14  Roach x8  
  98  11:15  Roach  
  98  11:16  Roach x4  
  96  11:35  Zerg Missile Weapons Level 2  
  96  11:37  Drone x2  
  96  11:38  Drone x3  
  99  11:40  Roach  
  101  11:48  Roach  
  101  11:49  Roach x4  
  107  12:02  Roach  
  107  12:06  Hydralisk x4  
  109  12:10  Roach  
  109  12:15  Drone x2  
  105  12:37  Roach, Hydralisk x5  
  105  12:38  Roach x2  
  105  12:40  Roach  
  109  12:46  Roach x2  
  109  12:47  Roach  
  109  12:51  Roach x3  
  121  12:54  Roach  
  121  12:57  Roach  
  125  13:02  Roach  
  125  13:05  Roach  
  129  13:08  Roach  
  129  13:11  Roach  
  127  13:20  Roach x3  
  127  13:25  Roach  
  135  13:27  Roach  
  137  13:35  Overlord x2  
  137  13:41  Overlord  
  137  13:44  Overlord  
  135  13:48  Roach  
  135  13:52  Roach x2  
  135  13:53  Roach  
  113  14:00  Lurker Den  
  113  14:18  Roach  
  113  14:21  Roach  
  117  14:24  Hatchery  
  117  14:27  Roach x2  
  117  14:29  Unknown x8  
  116  14:33  Roach  
  116  14:38  Roach  
  116  14:39  Roach x5  
  116  14:41  Ravager x2  
  116  14:42  Ravager  
  131  14:55  Roach  
  131  14:56  Roach  
  131  14:58  Roach x2  
  133  15:06  Roach x6  
  143  15:10  Hydralisk x3  
  143  15:13  Roach x2  
  142  15:14  Roach  
  142  15:15  Roach x2  
  145  15:26  Roach  
  145  15:27  Roach x2  
  87  15:41  Roach x5  
Tags
 
Add a new tag
Caveats
  • Supply blocks, unpowered buildings, or Contaminate may cause inaccurate times.
  • Supply counts are checked every 10 seconds.